Map: [ESL] Oceanborn

Players

Elazer

  • Race: Zerg Zerg
  • Spawn Location: 11:00

SKillous - Winner!

  • Race: Protoss Protoss
  • Spawn Location: 5:00

Event: ESL SC2 Masters 2024 Spring (Regional)

VOD

Have the link to the VOD?

Description

Time

  • Played on: April 12, 2024, 11:38 a.m.
  • Length: 12:50

All games in this series

Show
View Real Time Build Order
Export as new Build Order

Elazer Zerg 

Build Orders: Hatch First, Lurkers 

Get SALT Encoding   

  12  0:00  Drone  
  13  0:12  Overlord  
  13  0:16  Drone  
  14  0:30  Drone x2  
  16  0:48  Hatchery  
  15  0:52  Drone  
  15  0:55  Drone  
  17  0:59  Drone  
  18  1:10  Extractor  
  17  1:14  Spawning Pool  
  17  1:18  Drone  
  17  1:21  Drone  
  18  1:29  Drone  
  19  1:39  Drone  
  20  1:50  Overlord  
  20  2:01  Drone, Queen x2  
  21  2:02  Zergling x2  
  26  2:12  Zergling x2  
  26  2:13  Metabolic Boost  
  26  2:14  Drone  
  28  2:22  Zergling x2  
  29  2:23  Drone  
  30  2:32  Drone x2  
  32  2:37  Queen  
  32  2:44  Overlord, Drone  
  35  2:53  Hatchery  
  35  2:55  Zergling x2  
  35  2:57  Zergling x2  
  36  3:03  Queen  
  38  3:07  Zergling x2  
  38  3:08  Drone  
  38  3:10  Drone  
  38  3:12  Drone  
  42  3:22  Overlord  
  42  3:23  Queen  
  44  3:36  Overlord  
  44  3:40  Drone x4  
  48  3:42  Drone x2  
  48  3:44  Drone x2  
  50  3:51  Drone x3  
  50  3:54  Queen  
  53  3:56  Drone  
  53  3:59  Spore Crawler, Drone  
  55  4:02  Drone  
  55  4:07  Drone  
  56  4:10  Spore Crawler  
  56  4:16  Drone x5  
  60  4:22  Overlord  
  60  4:23  Drone  
  61  4:24  Drone  
  61  4:25  Drone x2  
  61  4:26  Drone  
  61  4:30  Overlord  
  65  4:33  Lair  
  65  4:37  Roach Warren  
  65  4:38  Drone x2  
  66  4:40  Drone  
  64  4:54  Drone x5, Hatchery  
  64  4:55  Drone  
  64  4:56  Drone  
  64  4:58  Drone  
  70  5:04  Drone x5  
  74  5:13  Overlord  
  74  5:14  Extractor x2  
  73  5:17  Evolution Chamber, Drone x5  
  73  5:18  Extractor, Drone  
  76  5:21  Overlord  
  76  5:24  Overlord  
  76  5:25  Drone  
  76  5:26  Drone  
  76  5:28  Extractor  
  77  5:31  Overlord  
  77  5:32  Drone  
  77  5:35  Hydralisk Den, Extractor  
  76  5:39  Overlord, Drone  
  76  5:40  Drone x3  
  80  5:43  Zerg Missile Weapons Level 1  
  80  5:44  Drone x3  
  80  5:49  Overseer, Drone x2  
  84  5:52  Drone  
  85  6:01  Spore Crawler  
  85  6:02  Roach x5  
  94  6:06  Overlord  
  94  6:08  Hydralisk, Grooved Spines  
  94  6:09  Hydralisk  
  98  6:12  Drone x6  
  98  6:16  Hydralisk x2  
  108  6:19  Drone x2  
  110  6:27  Spore Crawler x2  
  110  6:28  Drone x6  
  110  6:29  Drone  
  110  6:32  Extractor  
  115  6:35  Drone  
  115  6:44  Overlord  
  115  6:45  Hydralisk x8  
  131  6:50  Extractor, Pneumatized Carapace  
  131  6:52  Overlord  
  130  6:58  Infestation Pit  
  130  6:59  Muscular Augments  
  129  7:02  Hydralisk  
  129  7:06  Overlord x2  
  131  7:10  Drone x3  
  131  7:11  Drone  
  131  7:12  Hatchery  
  131  7:15  Hydralisk x4  
  134  7:16  Hydralisk  
  144  7:23  Roach x3  
  144  7:24  Overlord x2  
  144  7:25  Overlord  
  150  7:32  Roach x4  
  150  7:35  Hive  
  158  7:38  Lurker Den  
  158  7:40  Drone  
  158  7:44  Roach x5  
  168  7:52  Hydralisk x2  
  168  7:53  Overlord  
  172  8:17  Spine Crawler  
  171  8:21  Roach x8  
  171  8:22  Roach x2, Spine Crawler  
  171  8:23  Spine Crawler  
  189  8:36  Spine Crawler x2, Drone x4  
  189  8:37  Spine Crawler, Drone x2  
  189  8:38  Spine Crawler  
  189  8:39  Spine Crawler x2, Lurker x5  
  189  8:40  Zerg Missile Weapons Level 2  
  194  8:48  Seismic Spines  
  194  8:50  Drone x2  
  194  8:53  Evolution Chamber, Spine Crawler  
  194  8:54  Spine Crawler  
  194  8:55  Spine Crawler  
  192  9:00  Lurker x3  
  176  9:19  Zerg Ground Armor Level 1  
  176  9:21  Viper  
  173  9:27  Drone x6  
  165  9:31  Spine Crawler  
  165  9:32  Drone x2  
  165  9:33  Spine Crawler, Drone x3  
  165  9:34  Spine Crawler x3  
  155  9:39  Overlord  
  155  9:40  Overlord x4  
  155  9:45  Adaptive Talons  
  149  9:46  Hydralisk  
  149  9:47  Hydralisk x2  
  149  9:49  Hydralisk x2  
  157  9:55  Hydralisk  
  157  9:59  Hydralisk x4, Hatchery  
  160  10:00  Hydralisk  
  160  10:06  Hydralisk x2  
  160  10:07  Hydralisk  
  168  10:10  Hydralisk x2  
  178  10:14  Lurker x4  
  178  10:15  Lurker  
  183  10:26  Hydralisk x5  
  193  10:38  Overseer  
  193  10:39  Overseer x2  
  193  10:42  Lurker x2  
  195  11:01  Adrenal Glands  
  191  11:30  Spire  
  167  11:41  Hydralisk x10  
  178  11:48  Hydralisk x2  
  178  11:50  Overlord x2  
  179  12:02  Hydralisk  
  179  12:03  Hydralisk x6  
  179  12:08  Hydralisk x6  
  183  12:16  Overseer x2  
  183  12:18  Zergling x8  
  183  12:19  Zergling x20  
  183  12:20  Zergling x4  
  198  12:27  Overlord  
Show
View Real Time Build Order
Export as new Build Order

SKillous Protoss - Winner!

Build Orders: 1 Gate Expand, Oracle Opening, Zealot Archon 

Get SALT Encoding   

  12  0:00  Probe  
  13  0:14  Pylon  
  13  0:17  Probe (Chrono Boost)  
  14  0:27  Probe (Chrono Boost)  
  15  0:32  Probe (Chrono Boost)  
  16  0:39  Gateway  
  16  0:44  Probe  
  16  0:48  Assimilator  
  17  0:56  Probe  
  18  1:08  Probe  
  19  1:20  Probe  
  19  1:24  Nexus  
  20  1:34  Cybernetics Core  
  20  1:36  Probe  
  21  1:42  Assimilator  
  21  1:48  Probe  
  21  1:51  Pylon  
  22  2:00  Probe  
  23  2:08  Adept (Chrono Boost)  
  23  2:12  Probe  
  26  2:20  Stargate  
  26  2:25  Probe (Chrono Boost)  
  26  2:28  Adept (Chrono Boost)  
  27  2:36  Warp Gate, Probe (Chrono Boost)  
  31  2:43  Probe (Chrono Boost)  
  31  2:45  Probe (Chrono Boost)  
  31  2:49  Probe (Chrono Boost)  
  31  2:50  Probe (Chrono Boost), Adept  
  36  3:01  Probe  
  36  3:04  Oracle (Chrono Boost)  
  37  3:08  Probe  
  37  3:12  Pylon  
  41  3:13  Probe  
  42  3:20  Probe  
  42  3:25  Probe  
  44  3:32  Probe  
  45  3:34  Oracle  
  45  3:37  Nexus  
  45  3:39  Probe  
  49  3:43  Pylon  
  49  3:54  Probe x2 (Chrono Boost)  
  51  4:00  Assimilator  
  51  4:01  Assimilator  
  51  4:02  Shield Battery  
  51  4:05  Probe (Chrono Boost)  
  51  4:08  Probe (Chrono Boost), Gateway  
  53  4:11  Oracle, Probe (Chrono Boost)  
  53  4:15  Probe  
  58  4:20  Pylon  
  59  4:24  Robotics Facility  
  59  4:25  Probe (Chrono Boost)  
  59  4:27  Forge  
  59  4:31  Probe (Chrono Boost)  
  60  4:42  Probe x2 (Chrono Boost)  
  62  4:47  Twilight Council  
  62  4:50  Probe (Chrono Boost)  
  62  4:54  Probe x2 (Chrono Boost)  
  62  5:03  Protoss Ground Weapons Level 1 (Chrono Boost)  
  62  5:04  Probe (Chrono Boost)  
  62  5:05  Probe (Chrono Boost)  
  64  5:07  Probe (Chrono Boost)  
  64  5:09  Observer (Chrono Boost)  
  64  5:12  Probe (Chrono Boost)  
  64  5:13  Robotics Bay  
  67  5:14  Probe (Chrono Boost)  
  67  5:16  Gateway  
  67  5:17  Gateway  
  67  5:21  Pylon  
  68  5:22  Assimilator, Probe (Chrono Boost)  
  68  5:25  Probe (Chrono Boost)  
  68  5:26  Assimilator  
  70  5:28  Charge, Probe (Chrono Boost)  
  70  5:30  Probe (Chrono Boost)  
  70  5:31  Probe (Chrono Boost)  
  70  5:32  Immortal (Chrono Boost)  
  76  5:36  Probe  
  76  5:40  Stalker, Probe (Chrono Boost)  
  76  5:42  Stalker  
  83  5:44  Probe (Chrono Boost)  
  84  5:52  Probe (Chrono Boost)  
  84  5:54  Probe (Chrono Boost)  
  84  5:55  Pylon  
  86  5:58  Probe (Chrono Boost)  
  86  5:59  Probe (Chrono Boost)  
  86  6:01  Probe (Chrono Boost)  
  88  6:05  Probe  
  88  6:06  Probe  
  88  6:11  Pylon x2  
  90  6:12  Probe, Colossus (Chrono Boost)  
  90  6:17  Extended Thermal Lance  
  98  6:21  Zealot x2  
  101  6:33  Gateway x2  
  101  6:35  Templar Archives  
  101  6:37  Nexus  
  101  6:39  Pylon  
  101  6:42  Pylon  
  101  6:49  Pylon  
  101  6:53  Gateway  
  101  6:54  Gateway  
  101  6:57  Colossus (Chrono Boost)  
  101  6:58  Probe x2  
  101  6:59  Probe  
  110  7:05  Shield Battery  
  110  7:09  Gateway  
  110  7:10  Gateway  
  110  7:14  Photon Cannon  
  110  7:15  Shield Battery  
  112  7:16  Assimilator  
  112  7:18  Assimilator  
  112  7:19  High Templar x4  
  112  7:21  Protoss Ground Weapons Level 2 (Chrono Boost)  
  118  7:23  Probe x2  
  118  7:24  Probe  
  121  7:32  Archon x2, High Templar  
  121  7:33  High Templar, Shield Battery  
  121  7:34  Pylon, Colossus (Chrono Boost)  
  121  7:35  Probe x2  
  121  7:36  Probe  
  128  7:38  Archon  
  134  7:52  Photon Cannon, Probe, Gateway x2  
  135  8:04  Zealot  
  135  8:05  Zealot x6  
  149  8:16  Blink (Chrono Boost)  
  149  8:18  Photon Cannon  
  147  8:21  Shield Battery  
  151  8:27  Warp Prism, Void Ray  
  151  8:31  High Templar x3  
  151  8:33  Pylon  
  159  8:34  High Templar  
  159  8:35  Archon  
  159  8:37  Pylon  
  161  8:42  Archon  
  161  8:49  Fleet Beacon  
  161  8:52  Stargate  
  161  8:53  Zealot x4, Forge  
  169  8:59  Pylon  
  169  9:01  Pylon  
  166  9:09  Zealot x6  
  162  9:11  Protoss Air Weapons Level 1 (Chrono Boost)  
  162  9:17  Probe (Chrono Boost)  
  159  9:18  Probe (Chrono Boost)  
  161  9:24  Protoss Ground Armor Level 1 (Chrono Boost)  
  161  9:25  Probe (Chrono Boost)  
  158  9:31  Probe (Chrono Boost)  
  158  9:32  Probe (Chrono Boost)  
  158  9:34  Probe (Chrono Boost)  
  158  9:35  Carrier (Chrono Boost)  
  158  9:42  Carrier (Chrono Boost)  
  164  9:47  Probe x3  
  164  9:48  Protoss Ground Weapons Level 3 (Chrono Boost)  
  164  9:52  Mothership (Chrono Boost)  
  173  9:57  Pylon  
  173  10:02  Immortal  
  177  10:17  Nexus  
  177  10:20  Photon Cannon, Shield Battery  
  177  10:23  Pylon  
  177  10:32  Carrier  
  183  10:35  Psionic Storm  
  183  10:39  High Templar x4  
  189  10:43  Immortal  
  189  10:45  Probe x2  
  189  10:49  Photon Cannon  
  187  11:02  Probe x3 (Chrono Boost)  
  186  11:07  Carrier  
  186  11:08  Assimilator  
  186  11:10  Assimilator  
  189  11:27  Zealot x5  
  197  11:36  Carrier (Chrono Boost)  
  172  11:45  Zealot x5  
  182  12:07  Zealot x7  
  196  12:12  Probe  
  197  12:17  Oracle (Chrono Boost)  
  197  12:18  Probe  
  187  12:39  Robotics Facility x2  
  187  12:41  Stargate  
Tags
 
Add a new tag
Caveats
  • Supply blocks, unpowered buildings, or Contaminate may cause inaccurate times.
  • Supply counts are checked every 10 seconds.